cohdb
Replays
Latest Replays
All Replays
Popular Replays
Top Player Replays
Match Explorer
How It Works
Community
CoH3 Stats
Reddit
Sign in to upload your games and track your stats! →
Sign in with Steam
Match 42375175
Unlisted
Match 42375175
Overview
Messages
Build Orders
End
Construct Section Command Post
Vickers Machine Gun Team
Selects Indian Artillery Battlegroup
Infantry Section
Infantry Section
ML 3-inch Mortar Team
ML 3-inch Mortar Team
Construct Platoon Command Post
Humber Armored Car
Grenade Package
Construct Field Infirmary
Selects Valour
Selects Gurkha Rifles Section
6-pounder Anti-tank Gun Team
Construct Company Command Post
Gurkha Rifles Section
Matilda II Heavy Tank
Selects Volunteer Infantry
Selects Artillery Saturation
Foot Guards Section
Selects Off-map Airburst Barrage
Off-map Airburst Barrage
Infantry Training
BertsArmy
BigBoss
the_senator90
PayPerPaper
Penazh
Kannamix
0
0
Comments
sign in to comment!
No comments posted yet!